 Dungeon Crawl Stone Soup version 0.28.0 (webtiles) character file.

Game seed: 6758747609567410644

85503 browni3141 the Severer (level 15, -1/139 HPs)
             Began as a Minotaur Berserker on Feb 17, 2022.
             Was a High Priest of Trog.
             Succumbed to poison (dark miasma)
             ... on level 4 of the Swamp.
             The game lasted 00:18:42 (22168 turns).

browni3141 the Severer (Minotaur Berserker)        Turns: 22168, Time: 00:18:43

Health: -1/139     AC: 32    Str: 24    XL:     15   Next: 38%
Magic:  14/14      EV:  7    Int:  5    God:    Trog [*****.]
Gold:   132        SH: 34    Dex: 12    Spells: 14/14 levels left

rFire   + . .      SeeInvis .   O - +8 broad axe
rCold   + . .      Faith    .   b - +10 tower shield of Ignorance {rN+ Int-4}
rNeg    + + .      Spirit   .   S - +10 plate armour "Hyle" {rPois rN+}
rPois   +          Reflect  +   c - +2 hat
rElec   .          Harm     .   l - +1 cloak {rCorr}
rCorr   +          Rampage  .   (no gloves)
Will    ++++.                   p - +0 pair of boots
Stlth   ..........              W - amulet "Losu" {Reflect rF+ SH+5}
HPRegen 1.33/turn               Y - +4 ring of slaying
MPRegen 0.14/turn               V - ring "Fojyph" {rC+ Will+ Str-5 Int+3}

@: lethally poisoned (-1 -> -17), marked, strong-willed, on berserk cooldown,
regenerating, hasted and slowed
A: horns 2, retaliatory headbutt, agile 1, clever 1, inability to read while
threatened
a: Renounce Religion, Berserk, Trog's Hand, Brothers in Arms


You were on level 4 of the Swamp.
You worshipped Trog.
Trog was extremely pleased with you.
You visited 4 branches of the dungeon, and saw 22 of its levels.
You also visited: Ossuary.

You collected 1868 gold pieces.
You spent 1736 gold pieces at shops.


Innate Abilities, Weirdness & Mutations

You have a pair of horns on your head.
You reflexively headbutt those who attack you in melee.
You are agile. (Dex +2)
Your mind is acute. (Int +2)
You sometimes lose the ability to read scrolls when taking damage.


   Skills:
 + Level 14.6 Fighting
 - Level 18.0 Axes
 + Level 14.3 Armour
 - Level 2.1 Dodging
 * Level 17.6 Shields
 + Level 6.7 Evocations


You had 14 spell levels left.
You didn't know any spells.
Your spell library was empty.

Inventory:

Hand Weapons
 O - a +8 broad axe (weapon)
Missiles
 M - a curare-tipped dart {@f4}
 T - 2 throwing nets (quivered)
Armour
 b - the +10 tower shield of Ignorance (worn) {rN+ Int-4}
   (You found it on level 1 of the Orcish Mines)

   Int:       It affects your intelligence (-4).
   rN:        It protects you from negative energy.
 c - a +2 hat (worn)
 l - a +1 cloak of preservation (worn)
 p - a +0 pair of boots (worn)
 S - the +10 plate armour "Hyle" (worn) {rPois rN+}
   (You found it on level 1 of the Lair of Beasts)

   rPois:     It protects you from poison.
   rN:        It protects you from negative energy.
Jewellery
 v - a ring of see invisible
 E - a +4 ring of evasion
 F - a ring of protection from fire
 G - an amulet of guardian spirit
 H - an amulet of faith {!P}
 N - a ring of positive energy
 R - a ring of resist corrosion
 V - the ring "Fojyph" (right hand) {rC+ Will+ Str-5 Int+3}
   (You bought it in a shop on level 4 of the Dungeon)

   [ring of willpower]

   Str:       It affects your strength (-5).
   Int:       It affects your intelligence (+3).
   rC:        It protects you from cold.
   Will:      It increases your willpower.
 W - the amulet "Losu" (around neck) {Reflect rF+ SH+5}
   (You bought it in a shop on level 2 of the Orcish Mines)

   [amulet of reflection]

   It reflects blocked missile attacks.
   rF:        It protects you from fire.
   SH:        It affects your SH (+5).
 X - a +6 ring of dexterity
 Y - a +4 ring of slaying (left hand)
Wands
 r - a wand of charming (5)
 s - a wand of polymorph (18)
 u - a wand of paralysis (7)
 w - a wand of iceblast (14)
 I - a wand of mindburst (37)
 Q - a wand of digging (4)
 U - a wand of flame (18)
Scrolls
 g - a scroll of amnesia
 h - 4 scrolls of fog {@r5}
 i - a scroll of noise {!r}
 o - 6 scrolls of fear
 q - 5 scrolls of blinking {@r3}
 t - 2 scrolls of immolation {!r}
 x - 2 scrolls of magic mapping
 z - 12 scrolls of teleportation {@r4}
 A - 4 scrolls of vulnerability {!r}
 J - 2 scrolls of torment {!r}
 K - a scroll of summoning
Potions
 a - 5 potions of attraction {unknown}
 d - 12 potions of curing {@q1}
 e - 4 potions of degeneration {unknown}
 f - 3 potions of lignification {unknown}
 j - a potion of haste {@q3}
 k - 6 potions of heal wounds {unknown}
 n - 4 potions of brilliance {unknown}
 B - 4 potions of might
 C - a potion of ambrosia {unknown}
 D - 2 potions of magic {unknown}
 L - a potion of berserk rage {unknown}
 P - 3 potions of flight

Dungeon Overview and Level Annotations

Branches:
Dungeon (10/15)            Temple (0/1) D:6            Lair (6/6) D:10
  Swamp (4/4) Lair:3        Snake (0/4) Lair:4        Slime (0/5) Lair:6
    Orc (2/2) D:10            Elf (0/3) Orc:2       Ossuary (visited)

Altars:
Elyvilon
Fedhas
Gozag
Hepliaklqana
Kikubaaqudgha
Nemelex Xobeh
Okawaru
Ru
Uskayaw
Vehumet
Xom
Yredelemnul
Beogh
Lugonu

Shops:
D:4 :=![=   D:9 *   Orc:2 [=??

Portals:
Abyss: Lair:6

Annotations:
D:8 6 transporters
Orc:1 1 runed translucent door, exclusion: 4 orange crystal statues

≈≈♣♣♣.≈..♣♣≈≈......≈≈≈¦
..≈≈♣..≈♣♣♣≈≈≈≈..≈≈≈≈≈¦
....≈♣.§.♣♣♣≈≈≈≈≈≈≈≈≈¦¦
≈≈.≈§<≈≈≈♣,♣♣¦≈≈≈≈≈¦¦¦
.≈≈≈.....♣≈* ¦..≈≈¦¦
♣≈♣♣♣♣♣≈.♣** ¦...¦¦¦
****** ♣♣♣ ♣♣♣♣ ¦¦...≈¦
**,,,,* ¦.☼..¦**≈,,,,**
¦¦@Z○¦*,,,,,,,*
***¦☼☼Z¦¦*,,,,,,**
**,≈¦¦°Z☼¦*,,,,,,,*
*,,,*¦¦W☼¦¦**,,,,,*
**,,,*¦°Zt¦¦**,,,**
*,,,*¦¦°.○¦¦*≈≈,**
**,,,*¦¦WW.¦*≈≈,,*
*,,,,*¦¦.°¦**,≈**
**,,,**¦WZ¦Z,≈≈*


You could see a ghost crab, a phantasmal warrior, a spectral spriggan berserker
(summoned), 2 spectral spriggan air magi, a spectral fenstrider witch (summoned)
and 2 phantoms.


Message History

A spectral swamp dragon comes into view.
A phantom comes into view.
Really walk into that cloud of spectral mist?
You are engulfed in spectral mist.
You feel sick.
A tyrant leech comes into view.
You are engulfed in spectral mist.
You can read scrolls again.
You feel sick.
You block the spectral spriggan berserker's attack.
You feel sick.
The ghost crab breathes spectral mist at you.
The spectral mist engulfs you but does no damage.
You block the spectral spriggan berserker's attack.
You are engulfed in spectral mist.
You feel sick.
You block the spectral spriggan berserker's attack.
A swamp dragon comes into view.
You feel sick.
You are no longer poisoned.
The spectral fenstrider witch sets off the alarm!
The alarm trap emits a blaring wail!
A sentinel's mark forms upon you.
The swamp dragon moves out of view.
You hear a deafening roar!
You hear a shout! x2
You are engulfed in dark miasma.
You are lethally poisoned!
You feel as though you will be slow longer.
You feel threatened and lose the ability to read scrolls!
* * * LOW HITPOINT WARNING * * *
You can read scrolls again.
You die...

Skill      XL: |  1  2  3  4  5  6  7  8  9 10 11 12 13 14 15 |
---------------+----------------------------------------------+-----
Axes           | 4 5 6 7 8 10 11 13 14 16 17 18 | 18.0
Fighting       | 4 5 6 7 8 9 11 12 14 | 14.6
Armour         | 3 4 5 6 7 8 9 10 11 12 13 14 | 14.3
Shields        | 3 6 9 11 13 14 16 17 | 17.6
Evocations     | 1 4 6 |  6.7
Dodging        | |  2.1

Action                   |  1- 3 |  4- 6 |  7- 9 | 10-12 | 13-15 || total
-------------------------+-------+-------+-------+-------+-------++-------
Melee: Hand axe          |    27 |       |       |       |       ||    27
       Headbutt          |    15 |     9 |    33 |    93 |   140 ||   290
       War axe           |    43 |    89 |   210 |   248 |       ||   590
       Punch             |       |     2 |     2 |       |       ||     4
       Broad axe         |       |       |       |   189 |   657 ||   846
Invok: Berserk           |       |     1 |     3 |    10 |    13 ||    27
       Trog's Hand       |       |       |       |     2 |     5 ||     7
       Brothers in Arms  |       |       |       |     1 |     1 ||     2
  Use: Potion            |       |     1 |       |     2 |     1 ||     4
       Scroll            |       |       |       |     6 |    14 ||    20
Armor: Animal skin       |    12 |       |       |       |       ||    12
       Chain mail        |    20 |    55 |       |       |       ||    75
       Plate armour      |       |     6 |   121 |   322 |   374 ||   823
Dodge: Dodged            |    55 |    47 |    73 |   135 |    88 ||   398
Block: Buckler           |       |       |    21 |    90 |       ||   111
       Tower shield      |       |       |       |   255 |   992 ||  1247
       Reflection        |       |       |       |       |     2 ||     2

Levels and vault maps discovered:
D:1:      matt_arrival_diagonals, layout_basic, basic_ecumenical_altar
D:2:      layout_rooms
D:3:      layout_basic, mainiacjoe_overflow_chevrons, nicolae_ru_awakened_eye,
          minmay_misc_feat_encased
D:4:      layout_basic, mainiacjoe_overflow_boulevard, serial_shops,
          shop_fountains, nicolae_shop_behind_doors, nicolae_shop_waterfront,
          nicolae_lakefront_shop, shop
D:5:      layout_rooms, uniq_edmund, uniq_sigmund
D:6:      layout_layer_cave, kiku_gazebo_garden_becter,
          mainiacjoe_overflow_six_doors_small, xom_redecorated,
          fedhas_ov_isle_minmay, minmay_temple_entry_oklob,
          grunt_decor_one_mirror, minmay_misc_feat_columns,
          kennysheep_generic_room_9
D:7:      layout_cave_pools, mainiacjoe_overflow_alcove_4,
          eat_drink_and_be_merry_uskayaw, gup_ossuary_entry_pyramid
D:8:      layout_gridville, serial_nicolae_subway, nicolae_sub_station_stone,
          nicolae_sub_station_crystal, nicolae_sub_station_metal
D:9:      layout_stronghold, lemuel_round_altar,
          nicolae_gozag_zags_fifth_avenue, grunt_decor_resistance,
          kennysheep_opposing_triangles
D:10:     layout_roguey, elyvilon_altar_5, minmay_lair_entry_grove,
          biasface_ghost_orc_armoury, minmay_misc_feat_nine_boxes
Lair:1:   layout_small_grid, lemuel_fruit_tree
Lair:2:   layout_cave_pods, serial_bayou_shore_b, infiniplex_staircase_pool_2,
          uniq_urug
Lair:3:   layout_chaotic_city, swamp_mist, eino_small_chamber_without_monster,
          grunt_megastairs_1
Lair:4:   layout_big_grid, minmay_snake_entry_guardpost_small,
          cheibrodos_lair_caveside_slide, nicolae_quartered_pool_impasse,
          chequers_serial_rivers_large_a
Lair:5:   minmay_guarded_unrand_snakebite, layout_regular_city
Lair:6:   hellmonk_lair_end_abyssal_woods, layout_cave_pods,
          dpeg_slime_entry_corner, wad_woods_river_01
Swamp:1:  layout_basic_swamp, evilmike_swamp_ruin_house_6, swamp_pool1,
          lemuel_altar_in_water
Swamp:2:  layout_falls_marsh, evilmike_swamp_ruin_house_4, uniq_donald
Swamp:3:  layout_basic_swamp, evilmike_swamp_ruin_house_3
Swamp:4:  swamp_pestilence, layout_basic_swamp
Orc:1:    layout_caves, chequers_guarded_unrand_ignorance, uniq_maurice
Orc:2:    st_orc_open, layout_diamond_mine, lightli_church_of_beogh

Notes
Turn   | Place    | Note
-------+----------+-------------------------------------------
     0 | D:1      | browni3141 the Minotaur Berserker began the quest for the
                  | Orb.
     0 | D:1      | Reached XP level 1. HP: 19/19 MP: 0/0
   128 | D:1      | Reached skill level 4 in Axes
   128 | D:1      | Reached XP level 2. HP: 25/27 MP: 1/1
   335 | D:1      | Found a faded altar of an unknown god.
   373 | D:1      | Reached skill level 4 in Fighting
   469 | D:1      | Reached skill level 3 in Armour
   681 | D:1      | Reached XP level 3. HP: 31/33 MP: 2/2
   765 | D:2      | Reached ** piety under Trog
  1244 | D:3      | Reached XP level 4. HP: 41/41 MP: 3/3
  1406 | D:3      | Reached skill level 5 in Axes
  1490 | D:3      | Found a radiant altar of Vehumet.
  1525 | D:3      | Found a sacrificial altar of Ru.
  1802 | D:4      | Reached *** piety under Trog
  1806 | D:4      | Found an iron altar of Okawaru.
  1808 | D:4      | Noticed a phantom
  1819 | D:4      | Killed a phantom
  1820 | D:4      | Reached XP level 5. HP: 38/47 MP: 4/4
  1885 | D:4      | Reached skill level 4 in Armour
  1885 | D:4      | Found Yvoh's Distillery.
  1922 | D:4      | Found Vaidyemogi's Armour Boutique.
  1934 | D:4      | Bought a potion of mutation for 112 gold pieces
  1934 | D:4      | Gained mutation: Your muscles are strong. (Str +2) [potion
                  | of mutation]
  1934 | D:4      | Gained mutation: Your spells are a little harder to cast,
                  | but a little more powerful. [potion of mutation]
  1934 | D:4      | Gained mutation: You expend magic power (3 MP) to
                  | strengthen your wands. [potion of mutation]
  1934 | D:4      | Gained mutation: You are strong-willed. (Will+) [potion of
                  | mutation]
  2019 | D:4      | Reached skill level 6 in Axes
  2025 | D:4      | Reached skill level 5 in Fighting
  2026 | D:4      | Reached XP level 6. HP: 54/56 MP: 5/5
  2057 | D:4      | Found Etohox's Book Boutique.
  2248 | D:4      | Found Huitt's Jewellery Boutique.
  2335 | D:4      | Identified the +2 plate armour of Palipi {Harm rPois Str+4
                  | Int-3}
  2439 | D:4      | Found Tare's Jewellery Shoppe.
  2883 | D:5      | Entered Level 5 of the Dungeon
  3004 | D:5      | Noticed Sigmund
  3009 | D:5      | Killed Sigmund
  3010 | D:5      | Reached skill level 7 in Axes
  3010 | D:5      | Reached skill level 5 in Armour
  3010 | D:5      | Reached XP level 7. HP: 62/62 MP: 6/6
  3114 | D:5      | Reached skill level 6 in Fighting
  3316 | D:5      | Reached skill level 8 in Axes
  3399 | D:5      | Noticed Edmund
  3405 | D:5      | Killed Edmund
  3405 | D:5      | Reached **** piety under Trog
  3406 | D:5      | Reached skill level 6 in Armour
  3406 | D:5      | Reached XP level 8. HP: 66/71 MP: 7/7
  3540 | D:6      | Found a basalt altar of Yredelemnul.
  3587 | D:6      | Found a shimmering altar of Xom.
  3589 | D:6      | Found a shimmering altar of Xom.
  3597 | D:6      | Reached skill level 9 in Axes
  3603 | D:6      | Found a shimmering altar of Xom.
  3603 | D:6      | Found a shimmering altar of Xom.
  3604 | D:6      | Found a shimmering altar of Xom.
  3604 | D:6      | Found a shimmering altar of Xom.
  3604 | D:6      | Found a shimmering altar of Xom.
  3604 | D:6      | Found a staircase to the Ecumenical Temple.
  3677 | D:6      | Reached skill level 7 in Fighting
  3858 | D:6      | Found a blossoming altar of Fedhas.
  4185 | D:6      | Found an ancient bone altar of Kikubaaqudgha.
  4231 | D:6      | Reached skill level 1 in Shields
  4317 | D:6      | Reached skill level 10 in Axes
  4678 | D:6      | Reached skill level 2 in Shields
  4958 | D:6      | Reached skill level 7 in Armour
  5144 | D:7      | Found a hazy altar of Hepliaklqana.
  5249 | D:7      | Found a sand-covered staircase.
  5253 | D:7      | Reached skill level 3 in Shields
  5256 | Ossuary  | Entered an ossuary
  5287 | Ossuary  | Reached XP level 9. HP: 80/80 MP: 8/8
  5371 | Ossuary  | Reached ***** piety under Trog
  5552 | D:7      | Found a hide-covered altar of Uskayaw.
  5560 | D:7      | Reached skill level 4 in Shields
  5849 | D:7      | Reached skill level 8 in Fighting
  6101 | D:8      | Reached skill level 11 in Axes
  6124 | D:8      | Reached skill level 5 in Shields
  6176 | D:8      | Reached skill level 8 in Armour
  6177 | D:8      | Reached skill level 6 in Shields
  6231 | D:8      | Reached XP level 10. HP: 90/90 MP: 9/9
  6347 | D:8      | Found a transporter.
  6353 | D:8      | Reached skill level 12 in Axes
  6353 | D:8      | Reached skill level 7 in Shields
  6357 | D:8      | Found a transporter.
  6425 | D:8      | Reached skill level 9 in Fighting
  6808 | D:8      | Found a transporter.
  6812 | D:8      | Found a transporter.
  6920 | D:8      | Found a transporter.
  6926 | D:8      | Found a transporter.
  7350 | D:9      | Reached skill level 8 in Shields
  7351 | D:9      | Reached skill level 9 in Armour
  7542 | D:9      | Noticed a two-headed ogre
  7687 | D:9      | Noticed a two-headed ogre
  7694 | D:9      | Killed a two-headed ogre
  7695 | D:9      | Reached skill level 13 in Axes
  7695 | D:9      | Reached skill level 9 in Shields
  7776 | D:9      | Found an opulent altar of Gozag.
  7777 | D:9      | Found Gozag's Platinum Reserve.
  7982 | D:9      | Found a sparkling altar of Nemelex Xobeh.
  8266 | D:9      | Killed a two-headed ogre
  8267 | D:9      | Reached XP level 11. HP: 13/99 MP: 10/10
  8735 | D:10     | Entered Level 10 of the Dungeon
  8810 | D:10     | Found a white marble altar of Elyvilon.
  8944 | D:10     | Found a staircase to the Orcish Mines.
  9055 | D:10     | Reached skill level 10 in Fighting
  9115 | D:10     | Found a staircase to the Lair.
  9134 | D:10     | Reached skill level 10 in Shields
  9354 | D:10     | Received a gift from Trog
  9372 | D:10     | Reached skill level 10 in Armour
  9593 | D:10     | Found a runed translucent gate.
  9593 | D:10     | Found a runed translucent gate.
  9595 | D:10     | Found a runed translucent gate.
  9596 | D:10     | Noticed LobsterGuardian's ghost (novice FoFi)
  9596 | D:10     | Identified the +10 plate armour "Quonaf" {rN+ Will+ rCorr}
  9724 | D:10     | Killed LobsterGuardian's ghost
  9725 | D:10     | Reached skill level 14 in Axes
  9727 | D:10     | Reached ****** piety under Trog
  9758 | D:10     | Identified the +3 leather armour "Sausuc" {rCorr Str-4
                  | Int-3 Dex+9}
  9828 | Orc:1    | Entered Level 1 of the Orcish Mines
  9828 | Orc:1    | Noticed Maurice
  9828 | Orc:1    | Found a runed translucent door.
  9832 | Orc:1    | Noticed an orc sorcerer
  9840 | Orc:1    | Gained mutation: Your body sometimes deteriorates upon
                  | taking damage. [a neqoxec]
  9843 | Orc:1    | Gained mutation: You sometimes lose the ability to read
                  | scrolls when taking damage. [a neqoxec]
  9844 | Orc:1    | Killed Maurice
  9846 | Orc:1    | Killed an orc sorcerer
  9893 | Orc:1    | Reached skill level 11 in Shields
 10096 | Orc:1    | Found a runed translucent door.
 10098 | Orc:1    | Received a gift from Trog
 10099 | Orc:1    | Noticed an orange crystal statue
 10099 | Orc:1    | Found the +10 tower shield of Ignorance {rN+ Int-4}
 10310 | Orc:1    | Noticed an orange crystal statue
 10310 | Orc:1    | Noticed an orange crystal statue
 10310 | Orc:1    | Noticed an orange crystal statue
 10335 | Orc:1    | Noticed an orc high priest
 10354 | Orc:1    | Lost intelligence.
 10360 | Orc:1    | HP: 7/101 [orc priest/divine providence[an orange crystal
                  | statue] (14)]
 10657 | Orc:1    | Noticed an orc sorcerer
 10767 | Orc:1    | Lost intelligence.
 10896 | D:4      | Bought the ring "Fojyph" {rC+ Will+ Str-5 Int+3} for 452
                  | gold pieces
 11331 | Lair:1   | Entered Level 1 of the Lair of Beasts
 11334 | Lair:1   | Noticed a four-headed hydra
 11343 | Lair:1   | Killed a ten-headed hydra
 11560 | Lair:1   | Identified the +10 plate armour "Hyle" {rPois rN+}
 11571 | Lair:1   | Noticed a five-headed hydra
 11578 | Lair:1   | Killed a nine-headed hydra
 11579 | Lair:1   | Reached skill level 11 in Fighting
 11579 | Lair:1   | Reached XP level 12. HP: 110/110 MP: 11/11
 11915 | Lair:1   | Reached skill level 15 in Axes
 12563 | Lair:2   | Noticed Urug
 12576 | Lair:2   | Killed Urug
 12577 | Lair:2   | Reached skill level 12 in Shields
 12841 | Lair:2   | Lost mutation: Your body sometimes deteriorates upon taking
                  | damage. [potion of mutation]
 12841 | Lair:2   | Lost mutation: Your spells are a little harder to cast, but
                  | a little more powerful. [potion of mutation]
 12841 | Lair:2   | Lost mutation: You are strong-willed. (Will+) [potion of
                  | mutation]
 12841 | Lair:2   | Gained mutation: You are agile. (Dex +2) [potion of
                  | mutation]
 12906 | Lair:2   | Noticed a five-headed hydra
 12908 | Lair:2   | Reached skill level 11 in Armour
 12919 | Lair:2   | Killed a 12-headed hydra
 13383 | D:4      | Bought a potion of mutation for 112 gold pieces
 13383 | D:4      | Bought 2 potions of curing for 84 gold pieces
 13383 | D:4      | Lost mutation: Your muscles are strong. (Str +2) [potion of
                  | mutation]
 13383 | D:4      | Lost mutation: You expend magic power (3 MP) to strengthen
                  | your wands. [potion of mutation]
 13383 | D:4      | Gained mutation: Your mind is acute. (Int +2) [potion of
                  | mutation]
 14179 | Lair:3   | Found a staircase to the Swamp.
 14200 | Lair:3   | Noticed an eight-headed hydra
 14208 | Lair:3   | Killed a 13-headed hydra
 14635 | Lair:3   | Reached skill level 13 in Shields
 14638 | Lair:3   | Reached skill level 16 in Axes
 14638 | Lair:3   | Received a gift from Trog
 14704 | Lair:3   | Reached skill level 1 in Evocations
 14899 | Lair:3   | Noticed a six-headed hydra
 14908 | Lair:3   | Killed a 14-headed hydra
 14909 | Lair:3   | Reached skill level 12 in Fighting
 15500 | Lair:4   | Found a staircase to the Snake Pit.
 15506 | Lair:4   | Reached XP level 13. HP: 108/118 MP: 12/12
 16131 | Lair:4   | Reached skill level 2 in Evocations
 16895 | Lair:5   | Reached skill level 12 in Armour
 17276 | Lair:5   | Reached skill level 14 in Shields
 17313 | Lair:5   | Found the +8 whip "Snakebite" {venom, curare, rPois}
 17574 | Lair:6   | Entered Level 6 of the Lair of Beasts
 17592 | Lair:6   | Reached skill level 3 in Evocations
 17693 | Lair:6   | Received a gift from Trog
 17746 | Lair:6   | Reached skill level 17 in Axes
 18393 | Lair:6   | Reached skill level 4 in Evocations
 18398 | Lair:6   | Reached XP level 14. HP: 98/127 MP: 13/13
 18407 | Lair:6   | Reached skill level 13 in Fighting
 18407 | Lair:6   | Reached skill level 15 in Shields
 18701 | Lair:6   | Found a corrupted altar of Lugonu.
 18701 | Lair:6   | Found a one-way gate to the infinite horrors of the Abyss.
 19188 | Lair:6   | Received a gift from Trog
 19391 | Lair:6   | Found a staircase to the Slime Pits.
 19656 | Orc:2    | Entered Level 2 of the Orcish Mines
 19675 | Orc:2    | Reached skill level 18 in Axes
 19680 | Orc:2    | Reached skill level 13 in Armour
 20103 | Orc:2    | Reached skill level 5 in Evocations
 20122 | Orc:2    | Reached skill level 16 in Shields
 20186 | Orc:2    | Found Udali's Jewellery Emporium.
 20187 | Orc:2    | Found Rewauski's Magic Scroll Shoppe.
 20238 | Orc:2    | Found Oveiphek's Antique Armour Shop.
 20245 | Orc:2    | Bought a scroll of blinking for 97 gold pieces
 20245 | Orc:2    | Bought a scroll of identify for 26 gold pieces
 20245 | Orc:2    | Bought a scroll of identify for 26 gold pieces
 20245 | Orc:2    | Bought a scroll of identify for 26 gold pieces
 20250 | Orc:2    | Found Utiolira's Magic Scroll Emporium.
 20259 | Orc:2    | Bought a scroll of teleportation for 42 gold pieces
 20259 | Orc:2    | Bought a scroll of identify for 28 gold pieces
 20259 | Orc:2    | Bought a scroll of identify for 28 gold pieces
 20259 | Orc:2    | Bought a scroll of identify for 28 gold pieces
 20259 | Orc:2    | Bought a scroll of teleportation for 42 gold pieces
 20259 | Orc:2    | Bought a scroll of fear for 49 gold pieces
 20259 | Orc:2    | Bought a scroll of identify for 28 gold pieces
 20259 | Orc:2    | Bought a scroll of identify for 28 gold pieces
 20320 | Orc:2    | Found a staircase to the Elven Halls.
 20427 | Orc:2    | Found a runed translucent door.
 20454 | Orc:2    | Received a gift from Trog
 20593 | Orc:2    | Bought the amulet "Losu" {Reflect rF+ SH+5} for 528 gold
                  | pieces
 20722 | Swamp:1  | Entered Level 1 of the Swamp
 20732 | Swamp:2  | Noticed Donald
 20750 | Swamp:2  | Killed Donald
 20759 | Swamp:2  | Reached skill level 14 in Fighting
 21014 | Swamp:2  | Reached skill level 6 in Evocations
 21231 | Swamp:2  | Reached XP level 15. HP: 138/138 MP: 14/14
 21234 | Swamp:2  | Identified the +6 mace "Ezxup" {vorpal, rElec rPois Str+8
                  | Int+3}
 21493 | Swamp:4  | Entered Level 4 of the Swamp
 21510 | Swamp:4  | Reached skill level 17 in Shields
 21675 | Swamp:4  | Noticed a tentacled monstrosity
 21739 | Swamp:3  | Reached skill level 14 in Armour
 21935 | Swamp:4  | Killed a tentacled monstrosity
 22168 | Swamp:4  | HP: 5/139 [something (11)]
 22168 | Swamp:4  | Succumbed to poison (dark miasma)

Vanquished Creatures
  A tentacled monstrosity (Swamp:4)
  Donald (Swamp:2)
  An eleionoma (Swamp:4)
  2 bunyips (Swamp:4)
  13 hydras
  2 ogre magi (Orc:2)
  A spriggan air mage (Swamp:4)
  2 ghost crabs (Swamp:4)
  10 two-headed ogres
  4 thrashing horrors (Lair:6)
  The ghost of LobsterGuardian the Carver, a novice FoFi of Uskayaw (D:10)
  An orc high priest (Orc:2)
  A spriggan berserker (Swamp:4)
  A large abomination (Lair:6)
  Urug (Lair:2)
  3 goliath frogs
  2 deep trolls (Orc:2)
  3 bog bodies (Swamp:4)
  2 swamp dragons
  A lindwurm (Lair:6)
  2 orc knights (Orc:2)
  2 ugly things (Lair:6)
  3 orc sorcerers
  A will-o-the-wisp (Swamp:3)
  11 elephants (Lair:6)
  2 cyclopes (Orc:2)
  Maurice (Orc:1)
  4 black mambas
  2 smoke demons (Lair:6)
  11 cane toads
  5 rime drakes
  3 swamp worm zombies (Swamp:4)
  4 komodo dragons
  2 tyrant leeches
  7 trolls (Orc:2)
  3 ancient zymes (Lair:6)
  4 hornets
  3 polar bears
  2 hydra zombies (Swamp:4)
  3 alligator zombies (Swamp:4)
  16 dream sheep
  14 blink frogs
  A meliai zombie (D:10)
  Sigmund (D:5)
  4 spriggans
  56 yaks
  5 wyverns
  A wraith (D:9)
  4 chaos spawn (Lair:6)
  7 basilisks
  A steam dragon (Lair:3)
  10 small abominations (Lair:6)
  7 vampire mosquitoes
  4 swamp worms
  A warg (Orc:1)
  4 nagas (Lair:4)
  Edmund (D:5)
  19 water moccasins
  20 orc warriors
  An ice beast (D:5)
  2 black bears
  25 ogres
  A necrophage (D:6)
  24 wolves
  4 centaurs
  4 phantoms
  3 kobold brigands
  A gnoll sergeant (D:6)
  A wyvern zombie (D:5)
  16 bullfrogs
  3 water moccasin zombies (Ossuary)
  2 scorpions
  4 killer bees (D:8)
  An oklob sapling (D:6)
  2 electric eels
  3 howler monkeys
  3 centaur zombies
  5 jellies
  A bullfrog skeleton (D:7)
  A bullfrog zombie (D:5)
  A hound (D:4)
  12 orc priests
  2 centaur skeletons
  A spectral swamp drake (Swamp:4)
  2 gnoll shamans (D:8)
  3 iguanas
  20 orc wizards
  3 mummies
  12 gnolls
  A howler monkey skeleton (D:7)
  A swamp drake zombie (Swamp:4)
  8 adders
  A white imp (D:6)
  4 adder zombies (Ossuary)
  2 adder skeletons (D:4)
  A worm (D:2)
  3 dart slugs
  79 orcs
  6 ball pythons
  7 endoplasms
  2 giant cockroaches
  5 gnoll zombies (Ossuary)
  6 goblins
  5 hobgoblins
  13 jackals
  5 quokkas
  5 bats
  2 frilled lizards
  9 hobgoblin zombies (Ossuary)
  7 kobolds
  9 kobold zombies (Ossuary)
  5 orc zombies (Ossuary)
  4 rats
657 creatures vanquished.

Vanquished Creatures (collateral kills)
  A goliath frog (Swamp:2)
1 creature vanquished.

Vanquished Creatures (others)
  2 bloated husks (Swamp:4)
  A vampire mosquito (Swamp:4)
  4 foxfires (Swamp:3)
  17 fungi
  42 plants
  3 withered plants (D:6)
69 creatures vanquished.

Grand Total: 727 creatures vanquished

Table legend: (Time is in decaauts)
 A = Elapsed time spent in this place.
 B = Non-inter-level travel time spent in this place.
 C = Inter-level travel time spent in this place.
 D = Time resting spent in this place.
 E = Time spent auto-exploring this place.
 F = Levels seen in this place.
 G = Mean time per level.
                   A        B        C        D        E       F      G
               +--------+--------+--------+--------+--------+-----+--------+
         Total |  22627 |  21206 |   1421 |   3621 |  13812 |  23 |  983.8 |
       Dungeon |  10967 |  10026 |    941 |   1300 |   7167 |  10 | 1096.7 |
          Lair |   8198 |   7907 |    291 |   1219 |   5498 |   6 | 1366.3 |
         Swamp |   1517 |   1503 |     14 |    948 |    155 |   4 |  379.2 |
  Orcish Mines |   1764 |   1590 |    174 |    153 |    929 |   2 |  882.0 |
       Ossuary |    180 |    180 |      0 |      0 |     63 |   1 |  180.0 |
               +--------+--------+--------+--------+--------+-----+--------+

Top non-repeatable levels by time:
  Lair:6: 1976 daAuts
     D:6: 1704 daAuts
    D:10: 1591 daAuts
     D:4: 1523 daAuts
     D:9: 1507 daAuts
  Lair:2: 1469 daAuts
  Lair:3: 1298 daAuts
  Lair:4: 1295 daAuts
     D:8: 1232 daAuts
  Lair:1: 1212 daAuts
   Orc:2: 983 daAuts
  Lair:5: 945 daAuts
     D:7: 866 daAuts
   Orc:1: 781 daAuts
     D:1: 762 daAuts

Table legend:
 A = Non-vault XP
 B = Vault XP
 C = Vault XP percentage of total XP
 D = Non-vault monster count
 E = Vault monster count
 F = Vault count percentage of total count
                 A         B        C        D         E       F
            +---------+---------+-------+---------+---------+-------
      Total |   74613 |   47535 |  38.9 |     458 |     200 |  30.4
            +---------+---------+-------+---------+---------+-------
        D:1 |      44 |       0 |   0.0 |      23 |       0 |   0.0
        D:2 |      23 |       0 |   0.0 |      11 |       0 |   0.0
        D:3 |      62 |       0 |   0.0 |      28 |       0 |   0.0
        D:4 |     380 |       0 |   0.0 |      27 |       0 |   0.0
        D:5 |     602 |     381 |  38.8 |       9 |       2 |  18.2
        D:6 |     931 |      56 |   5.7 |      25 |       1 |   3.8
        D:7 |    1041 |      18 |   1.7 |      21 |       1 |   4.5
        D:8 |    3750 |       0 |   0.0 |      44 |       0 |   0.0
        D:9 |    2717 |    1274 |  31.9 |      20 |       4 |  16.7
       D:10 |    1729 |    3452 |  66.6 |      11 |      23 |  67.6
     Lair:1 |    5848 |       0 |   0.0 |      25 |       0 |   0.0
     Lair:2 |    3542 |     777 |  18.0 |      12 |       1 |   7.7
     Lair:3 |    5405 |    1673 |  23.6 |      25 |       3 |  10.7
     Lair:4 |    3676 |     643 |  14.9 |      13 |       4 |  23.5
     Lair:5 |    6079 |    1360 |  18.3 |      26 |       9 |  25.7
     Lair:6 |   15067 |   12571 |  45.5 |      49 |      43 |  46.7
    Swamp:1 |     672 |       0 |   0.0 |       3 |       0 |   0.0
    Swamp:2 |    5558 |    1312 |  19.1 |      10 |       1 |   9.1
    Swamp:3 |    3569 |       0 |   0.0 |       6 |       0 |   0.0
    Swamp:4 |    9467 |    6130 |  39.3 |      12 |      19 |  61.3
      Orc:1 |    2512 |     480 |  16.0 |      38 |       1 |   2.6
      Orc:2 |    1939 |   17076 |  89.8 |      20 |      51 |  71.8
    Ossuary |       0 |     332 | 100.0 |       0 |      37 | 100.0
            +---------+---------+-------+---------+---------+-------
